AoeStats
← facundomurga1

Arabia

511042337Analyzed
1v1 RM · 9h ago on Oct 3, 2026· 24m 40s· 2 players
Game mode
Random Map
Map size
Tiny (2 player)
Population
200
Speed
Normal
Resources
Standard
Victory
Conquest
Starting age
Dark Age
Ending age
Imperial Age
RankedLock teamsTeams togetherTeam positionsShared explorationLock speedFull tech treeHidden civsTurbo modeCheats
Victory
Defeat
🇨🇳 Italians · China
1288
+15
🇦🇷 Ethiopians · Argentina
1277
-15
facundomurga1
5:14 Loom
8:50 Feudal Age
9:41 Double-Bit Axe
13:24 Horse Collar
14:00 Fletching
17:17 Padded Archer Armor
22:52 Castle Age
23:24 Crossbowman
24:01 Bodkin Arrow
ZJH
7:28 Loom
9:30 Feudal Age
10:15 Double-Bit Axe
10:32 Horse Collar
16:23 Padded Archer Armor
16:14 Fletching
19:02 Castle Age
17:25 Fletching
17:41 Padded Archer Armor
18:37 Gold Mining
20:00 Leather Archer Armor
20:14 Bow Saw
19:58 Crossbowman
22:25 Bodkin Arrow
24:22 Heavy Plow
Connection lost

Rejoining the realm…

Still unreachable

The connection could not be restored.

Session expired

The server has moved on; the page needs a fresh start.